 Dungeon Crawl Stone Soup version 0.30-a0-596-g0af90f9a20 (webtiles) character file.

Game seed: 6847359995681481987

708 bjtr the Firebug (level 7, -4/38 HPs)
             Began as a Gargoyle Fire Elementalist on Jan 5, 2023.
             Was a Follower of Vehumet.
             Slain by an iguana (10 damage)
             ... on level 5 of the Dungeon on Jan 7, 2023.
             The game lasted 00:31:17 (5544 turns).

bjtr the Firebug (Gargoyle Fire Elementalist)       Turns: 5544, Time: 00:31:17

Health: -4/38      AC: 16    Str: 11    XL:     7   Next: 67%
Magic:  4/12       EV: 12    Int: 18    God:    Vehumet [*.....]
Gold:   207        SH:  0    Dex: 10    Spells: 1/13 levels left

rFire   + . .      SeeInvis .    H - +4 quarterstaff (chaos)
rCold   . . .      Faith    .    (shield currently unavailable)
rNeg    + . .      Spirit   .    E - +2 robe {rF+}
rPois   ∞          Reflect  .    (no helmet)
rElec   +          Harm     .    I - +0 cloak
rCorr   .          Rampage  .    B - +1 pair of gloves
Will    .....                    (no boots)
Stlth   +                        (no amulet)
HPRegen 0.26/turn                f - +4 ring of protection
MPRegen 0.13/turn                (no ring)

@: confused
A: sickness immunity, AC +4, negative energy resistance 1, electricity
resistance, torment resistance 1, petrification resistance
a: Renounce Religion


You were on level 5 of the Dungeon.
You worshipped Vehumet.
Vehumet was aware of your devotion.
You visited 1 branch of the dungeon, and saw 5 of its levels.
You also visited: Sewer.

You collected 207 gold pieces.

Inventory:

Hand Weapons
 a - a +1 flail of venom
 b - a +2 dagger of speed
 k - a +0 whip
 m - a +0 dagger
 p - a +0 sling
 H - a +4 quarterstaff of chaos (weapon)
Missiles
 e - 46 stones
 q - 8 poisoned darts
 y - 5 curare-tipped darts
 F - 2 throwing nets
Armour
 B - a +1 pair of gloves (worn)
 E - a +2 robe of fire resistance (worn)
 I - a +0 cloak (worn)
Jewellery
 d - an amulet of faith
 f - a +4 ring of protection (left hand)
Wands
 v - a wand of digging (2)
 x - a wand of iceblast (9)
Scrolls
 n - a scroll of blinking {unknown}
 o - a scroll of amnesia
 r - a scroll of torment
 t - a scroll of brand weapon
 A - 2 scrolls of fear {unknown}
 G - a scroll of vulnerability {unknown}
 K - a scroll of silence {unknown}
 L - a scroll of teleportation
 M - a scroll of magic mapping
Potions
 c - a potion of ambrosia {unknown}
 g - 2 potions of might
 h - a potion of lignification {unknown}
 i - 2 potions of resistance
 j - 2 potions of haste {unknown}
 l - a potion of brilliance {unknown}
 s - a potion of berserk rage {unknown}
 u - a potion of curing {unknown}
 w - a potion of magic
 z - 2 potions of heal wounds
 D - a potion of attraction {unknown}
 J - 2 potions of flight {unknown}


   Skills:
 + Level 1.2 Fighting
 * Level 3.0 Armour
 + Level 2.1 Dodging
 + Level 3.4 Stealth
 + Level 3.8 Spellcasting
 + Level 2.0 Conjurations
 * Level 6.2 Fire Magic


You had one spell level left.
You knew the following spells:

 Your Spells              Type           Power      Damage    Failure   Level
a - Foxfire               Conj/Fire      72%        2x1d7     2%          1
b - Scorch                Fire           52%        2d8       1%          2
c - Inner Flame           Hex/Fire       14%        N/A       12%         3
d - Flame Wave            Conj/Fire      18%        2d7       26%         4
f - Blink                 Tloc           6%         N/A       22%         2

Your spell library contained the following spells:

 Spells                   Type           Power      Damage    Failure   Level
 Kiss of Death            Conj/Necr      28%        2d7       10%         1
 Apportation              Tloc           6%         N/A       16%         1
 Momentum Strike          Conj/Tloc      14%        3d8       16%         2
 Kindle Blastsparks       Fire/Tloc/Air  22%        2d11      19%         3
 Wereblood                Tmut           3%         N/A       22%         2
 Lesser Beckoning         Tloc           6%         N/A       41%         3
 Alistair's Intoxication  Tmut/Pois      2%         N/A       99%         5
 Summon Hydra             Summ           1%         N/A       100%        7
 Sublimation of Blood     Necr           Unusable   N/A       N/A         2

Dungeon Overview and Level Annotations

Branches:
Dungeon (5/15)             Temple (0/1) D:4           Sewer (visited)

Altars:
Ashenzari
Elyvilon
Fedhas
Nemelex Xobeh
Vehumet
Yredelemnul

Shops:
D:4 *


Innate Abilities, Weirdness & Mutations

You are immune to sickness and miasma.
Your stone body is resilient. (AC +4)
You are immune to poison.
You resist negative energy. (rN+)
You are resistant to electric shocks. (rElec)
You are resistant to unholy torment.
You are immune to petrification.


Message History

You are confused.
The orc wizard casts a spell at you. You resist with some effort.
The orc wizard hits you but does no damage.
An iguana comes into view.
You're too confused to move!
The orc wizard gestures at you while chanting.
You are more confused.
You're too confused to move!
The orc wizard hits you but does no damage.
Okay, then.
You closely miss the orc wizard.
The orc wizard is heavily wounded.
Unknown command.
The orc wizard attacks as you move away!
The orc wizard hits you but does no damage.
The orc priest hits you with a +0 dagger.
The orc wizard casts a spell at you. The puff of flame misses you.
The iguana hisses menacingly.
You barely miss the orc priest.
The orc wizard hits you but does no damage.
The orc priest hits you but does no damage.
You hit the orc wizard.
The orc wizard seems to slow down.
The orc wizard is almost dead.
The orc priest closely misses you. The iguana bites you.
The orc wizard points at you and mumbles some strange words.
You are more confused.
You sock the orc priest!
Flame seeps out of the orc priest.
The orc priest is severely wounded.
The orc priest is engulfed in blazing flames.
Vehumet accepts your kill.
The orc priest explodes!
The fiery explosion engulfs the orc wizard!!
You kill the orc wizard!
Vehumet accepts your kill. The fiery explosion engulfs you! You resist.
* * * LOW HITPOINT WARNING * * *
The iguana bites you!
You die...

##'###########).##.
##...## ##.......
##.....## ##..))#.#.
#.......####)###.#.#.
###......##.## ##....
#......'..# #..##
#......##.## ##.##
#.....####.###.####
#.@..## ##........
#○§l## ##.######
##'## #.# #)# #.# #.#
#.# ... #.# ... #.#
.... #.# #...# ..#


You could see an iguana.

Vanquished Creatures
  Pargi (Sewer)
  An ice beast (D:5)
  A scorpion (D:2)
  A jelly (D:4)
  An orc priest (D:5)
  Crazy Yiuf (D:3)
  A gnoll bouda (D:4)
  Jessica (D:3)
  An iguana (D:4)
  Terence (D:2)
  Natasha (thrice) (D:2)
  An orc wizard (D:5)
  5 gnolls (D:4)
  7 adders
  2 worms
  3 dart slugs
  9 orcs
  9 endoplasms
  6 giant cockroaches
  6 hobgoblins
  3 jackals (D:3)
  8 kobolds
  A quokka (D:4)
  7 ball pythons
  4 bats
  2 frilled lizards (D:2)
  8 goblins
  12 rats
106 creatures vanquished.

Vanquished Creatures (others)
  133 foxfires
  2 plants (D:1)
  4 withered plants (D:1)
139 creatures vanquished.

Grand Total: 245 creatures vanquished

Notes
Turn   | Place    | Note
-------+----------+-------------------------------------------
     0 | D:1      | bjtr the Gargoyle Fire Elementalist began the quest for the
                  | Orb.
     0 | D:1      | Reached XP level 1. HP: 10/10 MP: 3/3
   423 | D:1      | Reached XP level 2. HP: 15/15 MP: 1/5
   758 | D:1      | Found a faded altar of an unknown god.
  1324 | D:2      | Reached XP level 3. HP: 16/19 MP: 3/6
  1351 | D:2      | Found a broken altar of Ashenzari.
  1409 | D:2      | Noticed a scorpion
  1439 | D:2      | Killed a scorpion
  1440 | D:2      | Reached skill level 1 in Armour
  1440 | D:2      | Reached skill level 4 in Fire Magic
  1440 | D:2      | Reached XP level 4. HP: 12/24 MP: 0/7
  1615 | D:2      | Learned a level 2 spell: Scorch
  1618 | D:2      | Learned a level 2 spell: Blink
  1679 | D:2      | Noticed Natasha
  1697 | D:2      | Killed Natasha
  1875 | D:2      | Reached XP level 5. HP: 28/28 MP: 6/8
  1879 | D:2      | Learned a level 3 spell: Inner Flame
  1977 | D:2      | Noticed Terence
  1996 | D:2      | Killed Terence
  2427 | D:2      | Noticed Natasha
  2431 | D:2      | Killed Natasha
  2837 | D:2      | Noticed Natasha
  2840 | D:2      | Killed Natasha
  2841 | D:2      | Reached XP level 6. HP: 33/33 MP: 5/10
  2974 | D:3      | Found a glowing drain.
  3016 | D:3      | Reached skill level 1 in Fighting
  3037 | Sewer    | Entered a sewer
  3143 | Sewer    | Noticed Pargi
  3149 | Sewer    | Killed Pargi
  3150 | Sewer    | Reached skill level 5 in Fire Magic
  3603 | D:3      | Noticed Jessica
  3682 | D:3      | Killed Jessica
  3757 | D:3      | Found a runed translucent door.
  3758 | D:3      | Noticed Crazy Yiuf
  3773 | D:3      | Killed Crazy Yiuf
  3774 | D:3      | Reached XP level 7. HP: 24/38 MP: 2/12
  4106 | D:3      | Learned a level 4 spell: Flame Wave
  4147 | D:4      | Found a basalt altar of Yredelemnul.
  4150 | D:4      | Found a white marble altar of Elyvilon.
  4153 | D:4      | Found a radiant altar of Vehumet.
  4157 | D:4      | Became a worshipper of Vehumet
  4163 | D:4      | Found a blossoming altar of Fedhas.
  4575 | D:4      | Found a staircase to the Ecumenical Temple.
  4579 | D:4      | Found Otzato's Assorted Antiques.
  5051 | D:4      | Reached skill level 6 in Fire Magic
  5202 | D:4      | Found a sparkling altar of Nemelex Xobeh.
  5266 | D:4      | Upgraded the game from 0.30-a0-591-g3c58d2bc28 to
                  | 0.30-a0-596-g0af90f9a20
  5267 | D:5      | Entered Level 5 of the Dungeon
  5532 | D:5      | Reached * piety under Vehumet
  5532 | D:5      | Offered knowledge of Kiss of Death by Vehumet.
  5544 | D:5      | Slain by an iguana

Illustrated notes

Levels and vault maps discovered:
D:1:      sevenhm_arrival_forest_fort_large_2, layout_loops_ring,
          shapermc_ecumenical_altar_flowoftime
D:2:      layout_loops_corners, basic_altar, uniq_terence, uniq_natasha
D:3:      layout_basic, gup_sewer_entry_glass, uniq_jessica,
          uniq_crazy_yiuf_cottage
D:4:      layout_cave_pools, nemelex_dance_club_becter,
          grunt_temple_overflow_cloverleaf, minmay_temple_entry_statues_pillars,
          serial_shops, nicolae_shop_overgrown_old_shop
D:5:      layout_loops_corners, nzn_hepliaklqana_mist_gate,
          ebering_ghost_disaster_area, kennysheep_generic_room_14

Skill      XL: |  1  2  3  4  5  6  7 |
---------------+----------------------+-----
Armour         | 1 2 3 |  3.0
Fire Magic     | 4 5 6 |  6.2
Stealth        | 3 |  3.4
Spellcasting   | 3 |  3.8
Fighting       | 1 |  1.2
Dodging        | 2 |  2.1
Conjurations   | 2 |  2.0

Action                   |  1- 3 |  4- 6 |  7- 9 || total
-------------------------+-------+-------+-------++-------
Melee: Whip              |    37 |    31 |       ||    68
       Punch             |     2 |       |       ||     2
       Flail             |       |    43 |       ||    43
       Quarterstaff      |       |       |    14 ||    14
 Cast: Foxfire           |    36 |    24 |    16 ||    76
       Scorch            |       |    38 |    30 ||    68
       Inner Flame       |       |     2 |     8 ||    10
  Use: Scroll            |       |    10 |     2 ||    12
 Stab: Sleeping          |       |     3 |       ||     3
       Distracted        |       |     1 |       ||     1
Armor: Robe              |     9 |    43 |    16 ||    68
Dodge: Dodged            |    34 |    65 |    19 ||   118

Table legend: (Time is in decaauts)
 A = Elapsed time spent in this place.
 B = Non-inter-level travel time spent in this place.
 C = Inter-level travel time spent in this place.
 D = Time resting spent in this place.
 E = Time spent auto-exploring this place.
 F = Levels seen in this place.
 G = Mean time per level.
                   A        B        C        D        E       F      G
               +--------+--------+--------+--------+--------+-----+--------+
         Total |   5557 |   5335 |    222 |    839 |   3449 |   6 |  926.2 |
       Dungeon |   5267 |   5045 |    222 |    780 |   3264 |   5 | 1053.4 |
         Sewer |    290 |    290 |      0 |     59 |    185 |   1 |  290.0 |
               +--------+--------+--------+--------+--------+-----+--------+

Top non-repeatable levels by time:
     D:2: 1837 daAuts
     D:4: 1105 daAuts
     D:1: 1074 daAuts
     D:3: 972 daAuts
   Sewer: 290 daAuts
     D:5: 277 daAuts
